 Dungeon Crawl Stone Soup version 0.30-a0-330-g8f2769a82d (webtiles) character file.

Game seed: 12033308095203107514

126120 EdirashGloemor the Warrior (level 17, 0/133 HPs)
             Began as a Djinni Fire Elementalist on Oct 29, 2022.
             Was a High Priest of Elyvilon.
             Shot with a bolt by a yaktaur (13 damage)
             ... on level 15 of the Dungeon.
             The game lasted 02:05:41 (29575 turns).

EdirashGloemor the Warrior (DjFE)                  Turns: 29575, Time: 02:05:42

Health: 0/133      AC: 11    Str:  7    XL:     17   Next: 52%
Gold:   2171       EV: 20    Int: 23    God:    Elyvilon [*****.] SH:  0 Dex: 16

rFire   + + +      SeeInvis +    X - staff of air {rElec, !a}
rCold   . . .      Faith    .    (no shield)
rNeg    . . .      Spirit   .    U - +2 robe {rC+ rF+} {rC+, rF+}
rPois   ∞          Reflect  .    x - +2 hat {Stlth+}
rElec   +          Harm     .    c - +2 cloak {Stlth+}
rCorr   .          Rampage  .    H - +1 pair of gloves
Will    ++...                    (boots unavailable)
Stlth   ++++++....               A - amulet of the acrobat
HPRegen 0.42/turn                e - ring of willpower
MPRegen 0.00/turn                S - ring of see invisible {sInv}

@: flying
A: sickness immunity, fire resistance 2, cold vulnerability 1, float, innate
caster, HP casting, extra vitality 1
a: Renounce Religion, Purification, Heal Other, Heal Self, Divine Vigour


You were on level 15 of the Dungeon.
You worshipped Elyvilon.
Elyvilon was extremely pleased with you.
You visited 4 branches of the dungeon, and saw 23 of its levels.
You also visited: Sewer, Bailey and Volcano.

You collected 2627 gold pieces.
You spent 456 gold pieces at shops.


Innate Abilities, Weirdness & Mutations

You are immune to sickness and miasma.
You are immune to poison.
Your flesh is very heat resistant. (rF++)
You are vulnerable to cold. (rC-)
You float through the air rather than walking.
You learn spells naturally, not from books.
Your magical power is your life essence.
You have superior vitality. (+4 MHP)


   Skills:
 + Level 15.9 Fighting
 + Level 13.6 Dodging
 - Level 7.7 Stealth
 - Level 8.0 Unarmed Combat
 + Level 12.7 Spellcasting
 - Level 8.0 Invocations


You couldn't memorise any spells.
You knew the following spells:

 Your Spells              Type           Power      Damage    Failure   Level
b - Blade Hands           Tmut           32%        N/A       1%          5
c - Simulacrum            Ice/Necr       32%        N/A       3%          6
e - Beastly Appendage     Tmut           100%       N/A       1%          1
f - Inner Flame           Hex/Fire       65%        N/A       1%          3
k - Airstrike             Air            42%        2d(6-22)  1%          4
m - Summon Forest         Summ/Tloc      32%        N/A       1%          5
p - Poisonous Vapours     Pois/Air       100%       N/A       1%          2
s - Scorch                Fire           100%       2d10      1%          2
t - Stone Arrow           Conj/Erth      100%       3d13      1%          3
w - Flame Wave            Conj/Fire      65%        2d15      1%          4
z - Foxfire               Conj/Fire      100%       2x1d9     1%          1
X - Kindle Blastsparks    Fire/Tloc/Air  100%       2d18      1%          3
Y - Conjure Ball Lightni  Conj/Air       42%        3x3d15    3%          6
Your spell library was empty.

Inventory:

Missiles
 Q - 131 stones (quivered)
Armour
 c - a +2 cloak of stealth (worn)
 x - a +2 hat of stealth (worn)
 H - a +1 pair of gloves (worn)
 U - a +2 robe of resistance (worn) {rC+, rF+}
 V - a +1 robe of willpower
Magical Staves
 a - a staff of conjuration {!a}
 z - a staff of cold {rC+, !a}
 I - a staff of earth
 P - a staff of poison {rPois, !a}
 X - a staff of air (weapon) {rElec, !a}
Jewellery
 e - a ring of willpower (left hand)
 A - an amulet of the acrobat (around neck)
 E - a +4 ring of evasion
 S - a ring of see invisible (right hand) {sInv}
Wands
 m - a wand of quicksilver (27)
 D - a wand of digging (7)
 G - a wand of polymorph (12)
 K - a wand of mindburst (16)
 N - a wand of charming (12)
 O - a wand of flame (27)
 R - a wand of roots (6)
Scrolls
 g - 3 scrolls of fear {!r}
 i - 12 scrolls of identify {@r1}
 l - 3 scrolls of silence {!r}
 o - 3 scrolls of vulnerability {!r!r}
 t - 9 scrolls of teleportation
 B - a scroll of blinking {!r}
 F - 3 scrolls of butterflies
 J - 4 scrolls of poison
 L - 3 scrolls of magic mapping {!r}
 M - 4 scrolls of enchant weapon
Potions
 b - a potion of mutation {!q!q}
 d - 5 potions of might {!q}
 f - a potion of cancellation {!q}
 h - a potion of haste {!q}
 j - 4 potions of lignification {!q!q}
 n - a potion of resistance {!q}
 q - 9 potions of curing {@q2}
 s - 3 potions of attraction {!q}
 u - 3 potions of ambrosia {!q}
 y - 5 potions of invisibility {!q}
 C - a potion of berserk rage {!q}
 T - a potion of brilliance {!q}
Miscellaneous
 r - a piece from Xom's chessboard (15/15)

Dungeon Overview and Level Annotations

Branches:
Dungeon (15/15) Zot: 26653  Temple (1/1) D:4 Zot: 5932    Lair (5/5) D:9 Zot: 20102
  Swamp (0/4) Lair:2        Snake (0/4) Lair:3        Slime (0/5) Lair:5
    Orc (2/2) D:12 Zot: 9645     Elf (0/3) Orc:2        Vaults (0/5) D:13
  Sewer (visited)          Bailey (visited)         Volcano (visited)
 Depths: D:15

Altars:
Ashenzari
Cheibriados
Dithmenos
Elyvilon
Fedhas
Gozag
Hepliaklqana
Makhleb
Nemelex Xobeh
Okawaru
Qazlal
Ru
Trog
Uskayaw
Wu Jian
Xom
Yredelemnul
Zin
The Shining One
Jiyva

Shops:
D:9 [   Orc:1 [(!?:   Orc:2 [(?(

Annotations:
D:6 2 runed translucent doors

..... ...... #..........#...
.... #....# #######....##.. .
#..##....# ##....##..
..##...c....###### #.........
.......c.........#. #.........
.......c.........#...##....##..
.....).).........#...##....##..
........c........#.............
8...#)####..##@.##.............
8.P #. ##..##'###.............
. . #............##....#### ..
#............##....##.. 8P
##..######............. ...
##..##..##.............
#.......+..............
#.......#.........<.... #
#.......#.........[....


You could see a centaur warrior and 3 yaktaurs.


Message History

You hear a horrible gurgling sound!
You take 18 damage, and have 59/132 hp.
Your ball lightning explodes!
The blast of lightning engulfs your ball lightning.
Your ball lightning completely resists.
The blast of lightning engulfs the rakshasa!!
You kill the rakshasa!
The yaktaur wields a +0 arbalest.
The yaktaur shoots a bolt.
The bolt completely misses you.
The yaktaur shoots a bolt.
The bolt hits your ball lightning!
Your ball lightning explodes!
Your life force feels restored.
The centaur warrior shoots an arrow.
The arrow misses you.
The yaktaur shoots a bolt.
The bolt completely misses you.
You reach down and open the door.
The centaur warrior shoots an arrow.
The arrow misses you.
The yaktaur shoots a bolt.
The bolt misses you.
The yaktaur shoots a bolt.
The bolt hits you!!
* * * LOW HITPOINT WARNING * * *
The centaur warrior shoots an arrow.
The arrow hits you!
* * * LOW HITPOINT WARNING * * *
You take 29 damage, and have 31/133 hp.
MASSIVE DAMAGE!!
You are healed.
The centaur warrior shoots an arrow.
The arrow hits you!
* * * LOW HITPOINT WARNING * * *
The yaktaur shoots a bolt.
The bolt hits you!!
* * * LOW HITPOINT WARNING * * *
The yaktaur shoots a bolt.
The bolt hits you!! Elyvilon protects you from harm!
The yaktaur shoots a bolt.
The bolt hits you!
You die...

Skill      XL: |  1  2  3  4  5  6  7  8  9 10 11 12 13 14 15 16 17 |
---------------+----------------------------------------------------+-----
Fighting       | 1 2 3 4 5 7 9 11 13 14 15 | 15.9
Dodging        | 3 4 5 7 8 10 11 12 13 | 13.6
Spellcasting   | 3 4 5 6 7 9 10 11 12 | 12.7
Stealth        | 4 6 7 |  7.7
Unarmed Combat | 4 6 7 8 |  8.0
Invocations    | 3 7 8 |  8.0

Action                   |  1- 3 |  4- 6 |  7- 9 | 10-12 | 13-15 | 16-18 || total
-------------------------+-------+-------+-------+-------+-------+-------++-------
Melee: Unarmed           |     1 |       |       |       |     3 |       ||     4
 Cast: Foxfire           |    55 |    45 |    86 |    96 |   194 |       ||   476
       Scorch            |     4 |    18 |    43 |   120 |   197 |     2 ||   384
       Kindle Blastspark |       |     6 |     5 |    24 |    22 |       ||    57
       Poisonous Vapours |       |     3 |       |    13 |     8 |       ||    24
       Stone Arrow       |       |       |    33 |    78 |   337 |    95 ||   543
       Flame Wave        |       |       |     5 |    18 |    43 |     6 ||    72
       Airstrike         |       |       |     2 |     2 |    20 |     7 ||    31
       Beastly Appendage |       |       |     1 |       |     3 |       ||     4
       Summon Forest     |       |       |       |       |     9 |       ||     9
       Blade Hands       |       |       |       |       |     3 |       ||     3
       Inner Flame       |       |       |       |       |     1 |       ||     1
       Conjure Ball Ligh |       |       |       |       |       |    30 ||    30
Invok: Purification      |       |       |     1 |       |       |       ||     1
       Heal Self         |       |       |       |     3 |    18 |     3 ||    24
Evoke: Wand              |       |       |       |     1 |     1 |       ||     2
  Use: Scroll            |     1 |     5 |     5 |    12 |    15 |     1 ||    39
       Potion            |       |       |     2 |     1 |     6 |       ||     9
Armor: Robe              |       |     1 |     4 |    10 |    58 |    14 ||    87
Dodge: Dodged            |     8 |     9 |    32 |    71 |   344 |    75 ||   539

Levels and vault maps discovered:
D:1:      giann_horns, layout_loops_ring
D:2:      layout_rooms, minmay_crystal_room
D:3:      layout_rooms, ebering_ghost_sewer_f, minivault_11,
          minmay_misc_feat_square
D:4:      layout_loops_ring, minmay_temple_entry_enclosed_plants
D:5:      layout_basic, mainiacjoe_overflow_brackets, gup_sewer_entry_spiral,
          minmay_door_square
D:6:      layout_loops_ring, minmay_hollow_rounded_squares
D:7:      layout_basic, enter_bailey_8
D:8:      layout_loops_ring
D:9:      layout_basic, mainiacjoe_overflow_catwalk_spiral,
          kennysheep_mini_moat, mainiacjoe_overflow_cross_hatched,
          dpeg_oklobed_lair, serial_shops, nicolae_shop_hallway_plus,
          uniq_amaemon, uniq_erica
D:10:     layout_loops_corners, gammafunk_temple_overflow_statue,
          dk_rats_in_the_wall
D:11:     layout_roguey, uniq_lodul
D:12:     layout_rooms, orc_0_dummy, kennysheep_donut, minmay_st_funbox,
          uniq_nergalle
D:13:     layout_basic, david_vaults_2, serial_demonic, serial_demonic_b,
          serial_demonic_a, serial_demonic_g, serial_demonic_e,
          serial_demonic_e, serial_demonic_a
D:14:     layout_loops_cross, hangedman_abyss_or_decor_stabs
D:15:     gammafunk_depths_entry_grave, layout_gridville,
          hangedman_abyss_or_decor_stagger, uniq_josephine
Temple:   hellmonk_temple_of_storms
Lair:1:   layout_layer_cave, grunt_megastairs_3
Lair:2:   layout_concentric_octagons, swamp_mist, st_stairs_3
Lair:3:   layout_hall_layers, guppyfry_snake_entry_garden,
          chequers_serial_rivers_large_a
Lair:4:   layout_gridlike, chequers_serial_rivers_large_b, serial_bayou_pond_d,
          infiniplex_staircase_pool
Lair:5:   due_jungle_book, layout_loops_ring, slime_entry_1, wad_woods_river_01
Orc:1:    layout_caves, serial_shops, shop, nicolae_shop_waterfront,
          shop_statue, shop, shop, nooodl_orcs_dogs
Orc:2:    st_orc_elflike, layout_diamond_mine, enter_volcano_4, basic_altar,
          kennysheep_orc_sif_temple, uniq_maurice

Notes
Turn   | Place    | Note
-------+----------+-------------------------------------------
     0 | D:1      | EdirashGloemor the Djinni Fire Elementalist began the quest
                  | for the Orb.
     0 | D:1      | EdirashGloemor set off with the following spells memorised:
                  | Foxfire, Scorch, Kindle Blastsparks, Inner Flame, Flame
                  | Wave.
     0 | D:1      | Reached XP level 1. HP: 15/15 MP: 0/0
    42 | D:1      | Reached XP level 2. HP: 15/22 MP: 0/0
   140 | D:1      | Reached skill level 1 in Fighting
   295 | D:1      | Reached XP level 3. HP: 26/27 MP: 0/0
   295 | D:1      | Learned a level 1 spell: Beastly Appendage
   916 | D:1      | Identified 3 scrolls of teleportation
   937 | D:2      | Identified a ring of ice
   979 | D:2      | Reached skill level 3 in Dodging
  1004 | D:2      | Reached XP level 4. HP: 29/33 MP: 0/0
  1042 | D:2      | Noticed a black bear
  1055 | D:2      | Killed a black bear
  1056 | D:2      | Reached skill level 2 in Fighting
  1056 | D:2      | Reached skill level 3 in Spellcasting
  1056 | D:2      | Reached XP level 5. HP: 34/39 MP: 0/0
  1056 | D:2      | Learned a level 2 spell: Poisonous Vapours
  1123 | D:2      | Identified a ring of willpower
  1343 | D:2      | Identified 2 scrolls of amnesia
  1345 | D:2      | Identified 2 scrolls of identify
  1345 | D:2      | Identified a potion of flight
  1347 | D:2      | Identified a potion of lignification
  1706 | D:3      | Found a runed translucent door.
  1713 | D:3      | Noticed Caerun's ghost (weakling GnWr)
  1794 | D:3      | Identified a potion of heal wounds
  1901 | D:3      | Found a runed translucent door.
  1915 | D:3      | Reached skill level 4 in Dodging
  1920 | D:3      | Killed Caerun's ghost
  1921 | D:3      | Reached skill level 3 in Fighting
  1921 | D:3      | Reached XP level 6. HP: 17/46 MP: 0/0
  2105 | D:4      | Identified a potion of curing
  2218 | D:4      | Noticed an ogre
  2226 | D:4      | Killed an ogre
  2373 | D:4      | Found a staircase to the Ecumenical Temple.
  2383 | Temple   | Entered the Ecumenical Temple
  2430 | Temple   | Became a worshipper of Elyvilon the Healer
  2498 | D:4      | Identified a ring of see invisible
  2514 | D:4      | Reached XP level 7. HP: 40/50 MP: 0/0
  2514 | D:4      | Learned a level 3 spell: Stone Arrow
  2640 | D:4      | Reached skill level 5 in Dodging
  2640 | D:4      | Reached skill level 4 in Spellcasting
  2847 | D:4      | Reached skill level 4 in Fighting
  3068 | D:5      | Entered Level 5 of the Dungeon
  3069 | D:5      | Identified 3 scrolls of blinking
  3073 | D:5      | Identified 2 scrolls of vulnerability
  3077 | D:5      | Identified a scroll of noise
  3088 | D:5      | Identified a scroll of magic mapping
  3167 | D:5      | Found an opulent altar of Gozag.
  3237 | D:5      | Found a glowing drain.
  3241 | Sewer    | Entered a sewer
  3334 | Sewer    | Reached XP level 8. HP: 57/58 MP: 0/0
  3367 | Sewer    | Reached * piety under Elyvilon
  3737 | D:5      | HP: 8/58 [centaur/arrow (12)]
  3739 | D:5      | Reached skill level 5 in Fighting
  3739 | D:5      | Reached skill level 6 in Dodging
  3949 | D:5      | Reached skill level 5 in Spellcasting
  4422 | D:5      | Reached skill level 7 in Dodging
  4422 | D:5      | Reached XP level 9. HP: 61/66 MP: 0/0
  4422 | D:5      | Learned a level 4 spell: Airstrike
  4697 | D:6      | Reached skill level 6 in Fighting
  4792 | D:6      | Found a large runed translucent door.
  4792 | D:6      | Found a large runed translucent door.
  4804 | D:6      | Found a large runed translucent door.
  4804 | D:6      | Found a large runed translucent door.
  4836 | D:6      | Identified a +4 ring of evasion
  4845 | D:6      | Identified a scroll of immolation
  4891 | D:6      | Reached skill level 8 in Dodging
  4903 | D:6      | HP: 9/67 [something (8)]
  4903 | D:6      | HP: 1/67 [something (8)]
  4906 | D:6      | Noticed an unseen horror
  4911 | D:6      | Killed an unseen horror
  4912 | D:6      | Reached skill level 7 in Fighting
  4912 | D:6      | Reached skill level 6 in Spellcasting
  5096 | D:6      | Identified the +7 sling of Divine Exoneration {speed, rN+
                  | rCorr MP+9}
  5105 | D:6      | Identified the +7 quarterstaff of Diluhum {vamp, rC++ Str+4
                  | Int-3}
  5140 | D:6      | Reached XP level 10. HP: 39/75 MP: 0/0
  5647 | D:7      | Reached ** piety under Elyvilon
  5663 | D:7      | Reached skill level 9 in Dodging
  5676 | D:7      | Found a flagged portal.
  5685 | Bailey   | Entered a bailey
  5736 | Bailey   | Reached skill level 8 in Fighting
  5737 | Bailey   | Noticed an orc knight
  5748 | Bailey   | Killed an orc knight
  5793 | Bailey   | Reached skill level 7 in Spellcasting
  6023 | Bailey   | Found a large runed translucent door.
  6023 | Bailey   | Found a large runed translucent door.
  6024 | Bailey   | Noticed a deep elf zephyrmancer
  6117 | Bailey   | Killed a deep elf zephyrmancer
  6127 | Bailey   | Identified the +0 pair of boots "Udungur" {Str+3}
  6350 | D:7      | Identified 2 potions of magic
  6352 | D:7      | Identified 3 potions of might
  6353 | D:7      | Identified 2 potions of ambrosia
  6372 | D:7      | Identified a potion of berserk rage
  6416 | D:7      | Reached skill level 10 in Dodging
  6428 | D:7      | Identified a ring of magical power
  6625 | D:7      | Reached *** piety under Elyvilon
  6736 | D:7      | Identified a scroll of fear
  6737 | D:7      | Identified a scroll of enchant armour
  6738 | D:7      | Identified 2 scrolls of poison
  6823 | D:8      | Reached skill level 9 in Fighting
  7034 | D:8      | Reached XP level 11. HP: 62/84 MP: 0/0
  7034 | D:8      | Learned a level 5 spell: Summon Forest
  7839 | D:9      | Reached **** piety under Elyvilon
  7852 | D:9      | Noticed Erica
  7864 | D:9      | Killed Erica
  7865 | D:9      | Reached skill level 8 in Spellcasting
  7980 | D:9      | Found a glowing silver altar of Zin.
  8023 | D:9      | Reached skill level 10 in Fighting
  8175 | D:9      | Found an iron altar of Okawaru.
  8204 | D:9      | Found Heavvo Mamu's Antique Armour Emporium.
  8210 | D:9      | Identified a potion of haste
  8211 | D:9      | Identified a potion of attraction
  8212 | D:9      | Identified a potion of degeneration
  8213 | D:9      | Identified a potion of invisibility
  8214 | D:9      | Identified a potion of resistance
  8223 | D:9      | Noticed a two-headed ogre
  8240 | D:9      | Killed a two-headed ogre
  8486 | D:9      | Noticed Amaemon
  8495 | D:9      | Killed Amaemon
  8496 | D:9      | Reached skill level 11 in Fighting
  8496 | D:9      | Reached skill level 9 in Spellcasting
  8760 | D:9      | Found a staircase to the Lair.
  8795 | D:9      | Reached XP level 12. HP: 80/94 MP: 0/0
  8946 | D:9      | Found a basalt altar of Yredelemnul.
  9130 | D:10     | Entered Level 10 of the Dungeon
  9240 | D:10     | Noticed a two-headed ogre
  9250 | D:10     | Killed a two-headed ogre
  9641 | D:10     | Found a stormy altar of Qazlal.
  9641 | D:10     | Found a broken altar of Ashenzari.
 10205 | D:10     | Reached ***** piety under Elyvilon
 10317 | D:11     | Noticed a two-headed ogre
 10328 | D:10     | Reached skill level 12 in Fighting
 10550 | D:11     | Killed a two-headed ogre
 10757 | D:11     | Noticed a two-headed ogre
 10771 | D:11     | Killed a two-headed ogre
 10772 | D:11     | Reached skill level 10 in Spellcasting
 10996 | D:11     | Noticed a five-headed hydra
 11004 | D:11     | Killed a five-headed hydra
 11044 | D:11     | Noticed Lodul
 11064 | D:11     | HP: 12/96 [Lodul/bolt of lightning (21)]
 11073 | D:11     | HP: 20/96 [shot self (8)]
 11076 | D:11     | Killed Lodul
 11084 | D:11     | HP: 19/96 [shot self (7)]
 11484 | D:11     | Identified an amulet of guardian spirit
 11721 | Lair:1   | Entered Level 1 of the Lair of Beasts
 11893 | Lair:1   | Reached skill level 13 in Fighting
 11906 | Lair:1   | Reached XP level 13. HP: 50/103 MP: 0/0
 11906 | Lair:1   | Learned a level 5 spell: Blade Hands
 12062 | Lair:1   | Identified an amulet of the acrobat
 12495 | Lair:1   | Identified a scroll of butterflies
 12496 | Lair:1   | Identified a scroll of enchant weapon
 12497 | Lair:1   | Identified a scroll of summoning
 12694 | Lair:1   | Identified a ring of flight
 13160 | Lair:2   | Reached skill level 2 in Stealth
 13200 | Lair:2   | Identified the +1 plate armour "Jiziolle" {rPois Will+}
 13237 | Lair:2   | Noticed a four-headed hydra
 13245 | Lair:2   | Killed a four-headed hydra
 13246 | Lair:2   | Reached skill level 1 in Unarmed Combat
 13287 | Lair:2   | Found a staircase to the Swamp.
 13360 | Lair:2   | Reached skill level 2 in Unarmed Combat
 13421 | Lair:2   | Reached skill level 3 in Stealth
 13569 | Lair:2   | Reached skill level 11 in Spellcasting
 14028 | Lair:3   | Noticed an eight-headed hydra
 14043 | Lair:3   | Killed an eight-headed hydra
 14191 | Lair:3   | Reached ****** piety under Elyvilon
 14206 | Lair:3   | Found a staircase to the Snake Pit.
 14251 | Lair:3   | Reached skill level 3 in Unarmed Combat
 14278 | Lair:3   | Noticed a seven-headed hydra
 14278 | Lair:3   | HP: 13/104 [elephant (17)]
 14572 | Lair:3   | Killed a seven-headed hydra
 14588 | Lair:3   | Reached skill level 4 in Stealth
 14843 | Lair:3   | Reached skill level 11 in Dodging
 15224 | Lair:4   | Reached skill level 4 in Unarmed Combat
 15525 | Lair:4   | Reached skill level 14 in Fighting
 15525 | Lair:4   | Reached XP level 14. HP: 86/112 MP: 0/0
 16427 | Lair:5   | Entered Level 5 of the Lair of Beasts
 16473 | Lair:5   | HP: 25/112 [komodo dragon (26)]
 16481 | Lair:5   | HP: 16/112 [boulder beetle (13)]
 16771 | Lair:5   | Reached skill level 1 in Invocations
 16827 | Lair:5   | Reached skill level 5 in Stealth
 17107 | Lair:5   | Reached skill level 5 in Unarmed Combat
 17183 | Lair:5   | Reached skill level 2 in Invocations
 17434 | Lair:5   | Found a viscous altar of Jiyva.
 17434 | Lair:5   | Found a staircase to the Slime Pits.
 17826 | Lair:5   | Identified a ring of poison resistance
 17889 | Lair:5   | Noticed a dire elephant
 17889 | Lair:5   | Noticed a dire elephant
 17917 | Lair:5   | Reached skill level 3 in Invocations
 18341 | Lair:5   | HP: 28/112 [spectral dire elephant (26)]
 18344 | Lair:5   | Elyvilon protects you from harm!
 18902 | Lair:5   | Reached skill level 12 in Dodging
 19040 | Lair:5   | HP: 20/107 [cane toad simulacrum[a necromancer] (10)]
 19326 | Lair:5   | Reached skill level 6 in Unarmed Combat
 19356 | Lair:5   | Reached skill level 6 in Stealth
 19648 | Lair:5   | Reached XP level 15. HP: 83/118 MP: 0/0
 19648 | Lair:5   | Learned a level 6 spell: Simulacrum
 19897 | Lair:5   | HP: 17/118 [dire elephant (34)]
 19902 | Lair:5   | HP: 29/118 [dire elephant (15)]
 20450 | Lair:5   | HP: 20/118 [sun demon[an obsidian statue] (16)]
 20465 | Lair:5   | HP: 14/118 [ice devil[an obsidian statue] (6)]
 20465 | Lair:5   | HP: 2/118 [ice devil[an obsidian statue] (12)]
 20963 | Lair:5   | Reached skill level 4 in Invocations
 21712 | D:12     | Found a staircase to the Orcish Mines.
 21718 | D:12     | Identified the +6 scale mail "Vozihoy" {rElec Int+3}
 22168 | D:12     | Found a runed translucent door.
 22433 | D:12     | Noticed Nergalle
 22442 | D:12     | Killed Nergalle
 22609 | Orc:1    | Entered Level 1 of the Orcish Mines
 22640 | Orc:1    | Found Vutyah's Antique Weapon Shoppe.
 22938 | Orc:1    | Found Fesit's Armour Shop.
 23393 | Orc:2    | Entered Level 2 of the Orcish Mines
 23439 | Orc:2    | Reached skill level 12 in Spellcasting
 23490 | Orc:2    | Found a dark tunnel.
 23599 | Volcano  | Entered a volcano
 23904 | Volcano  | Found a burning altar of Makhleb.
 24138 | Volcano  | Reached skill level 15 in Fighting
 24138 | Volcano  | Reached skill level 5 in Invocations
 24338 | Orc:2    | Noticed Maurice
 24342 | Orc:2    | Killed Maurice
 24487 | Orc:2    | Found a staircase to the Elven Halls.
 24498 | Orc:2    | Reached skill level 7 in Unarmed Combat
 24754 | Orc:2    | Found Buma's Antique Weapon Emporium.
 24774 | Orc:2    | Reached skill level 7 in Stealth
 25184 | Orc:2    | HP: 30/120 [orc high priest/divine providence (10)]
 25433 | Orc:2    | Found Maadgh's Antique Armour Emporium.
 25434 | Orc:2    | Found Afiell's Magic Scroll Boutique.
 25434 | Orc:2    | Found Coaf's Antique Weapon Boutique.
 25442 | Orc:2    | Identified a scroll of silence
 25443 | Orc:2    | Identified a potion of experience
 25444 | Orc:2    | Identified a potion of brilliance
 25547 | Orc:1    | Found Zicah's Magic Scroll Emporium.
 25547 | Orc:1    | Found Enlioheb's Distillery.
 25547 | Orc:1    | Found Itomemill's Book Shoppe.
 25552 | Orc:1    | Bought a scroll of poison for 60 gold pieces
 25552 | Orc:1    | Bought a scroll of poison for 60 gold pieces
 25552 | Orc:1    | Bought a scroll of enchant armour for 112 gold pieces
 25574 | Orc:1    | Bought 2 potions of invisibility for 224 gold pieces
 25735 | D:12     | HP: 28/120 [ettin/+0 dire flail (29)]
 25738 | D:12     | HP: 11/120 [deep elf archer/arrow (17)]
 25739 | D:12     | Elyvilon protects you from harm!
 26042 | D:12     | Identified the +9 broad axe "Afahudd" {freeze, rF+ rC-
                  | Int+4}
 26059 | D:12     | Reached skill level 7 in Invocations
 26059 | D:12     | Reached XP level 16. HP: 126/126 MP: 0/0
 26075 | D:13     | Reached skill level 13 in Dodging
 26078 | D:13     | Reached XP level 17. HP: 112/131 MP: 0/0
 26078 | D:13     | Learned a level 6 spell: Conjure Ball Lightning
 26863 | D:13     | Identified a potion of mutation
 26961 | D:13     | HP: 29/131 [four-headed hydra[a boggart] (3)]
 26971 | D:13     | HP: 28/131 [spore (7)]
 27484 | D:13     | Reached skill level 8 in Unarmed Combat
 28371 | D:13     | Found a gate to the Vaults.
 28881 | D:14     | Identified a potion of cancellation
 29230 | D:15     | Entered Level 15 of the Dungeon
 29281 | D:15     | Noticed Josephine
 29288 | D:15     | Killed Josephine
 29289 | D:15     | Reached skill level 8 in Invocations
 29574 | D:15     | HP: 31/133 [centaur warrior/arrow (10)]
 29575 | D:15     | HP: 13/133 [yaktaur/bolt (24)]
 29575 | D:15     | Elyvilon protects you from harm!
 29575 | D:15     | Shot with a bolt by a yaktaur

Vanquished Creatures
  2 dire elephants (Lair:5)
  An ettin (D:12)
  Josephine (D:15)
  A fire dragon (Volcano)
  A rakshasa (D:15)
  8 hydras
  An ogre mage (D:12)
  3 boulder beetles
  Erica (D:9)
  2 centaur warriors
  8 two-headed ogres
  A death yak (Lair:5)
  A spectral dire elephant (Lair:5)
  5 tengu warriors
  3 orc high priests (Orc:2)
  A shock serpent (shapeshifter) (D:13)
  A sun demon (D:13)
  Nergalle (D:12)
  3 skeletal warriors (D:13)
  Amaemon (D:9)
  A spectral anaconda (Lair:5)
  Lodul (D:11)
  A deep elf archer (D:12)
  A deep elf zephyrmancer (Bailey)
  A deep elf pyromancer (D:12)
  3 necromancers (Lair:5)
  2 lindwurms
  5 orc knights
  8 ugly things
  4 orc sorcerers (Orc:2)
  3 manticores
  2 cyclopes
  Maurice (Orc:2)
  12 elephants
  A dire elephant zombie (Lair:5)
  3 black mambas
  2 molten gargoyles (Volcano)
  2 orange demons
  A torpor snail (Lair:5)
  2 gargoyles
  4 cane toads
  An unseen horror (D:6)
  2 rime drakes
  2 efreet
  4 ice devils (D:13)
  2 tengu conjurers
  3 hellwings (D:13)
  5 komodo dragons
  A red devil (D:13)
  A hornet (D:9)
  8 trolls
  29 blink frogs
  2 polar bears
  A spectral elephant (Lair:5)
  7 slime creatures
  4 dream sheep (Lair:5)
  A spriggan zombie (D:15)
  2 shadows
  A dire elephant simulacrum (Lair:5)
  3 ynoxinuls (D:13)
  43 yaks
  4 wyverns
  2 wraiths
  6 fire bats (Volcano)
  5 basilisks
  2 neqoxecs (D:13)
  A death yak simulacrum (Lair:5)
  16 vampire mosquitoes
  A spectral cane toad (Lair:5)
  A redback (shapeshifter) (D:13)
  2 steam dragons
  2 nagas (Lair:3)
  4 wargs (Orc:1)
  4 acid dragons
  19 water moccasins
  3 hell hounds (Volcano)
  A floating eye (shapeshifter) (D:13)
  An ice beast (D:6)
  An elephant zombie (Lair:5)
  A sky beast (D:8)
  6 black bears
  23 orc warriors
  17 ogres
  A centaur (shapeshifter) (D:14)
  5 boggarts (D:13)
  8 wolves
  4 centaurs
  An elephant skeleton (Lair:5)
  2 phantoms
  2 necrophages (D:6)
  4 scorpions
  12 bullfrogs
  2 cane toad simulacra (Lair:5)
  5 wights (D:8)
  2 elephant simulacra (Lair:5)
  The ghost of Caerun the Grasshopper, a weakling GnWr (D:3)
  4 killer bees (D:8)
  An electric eel (Lair:5)
  5 lava snakes (Volcano)
  15 orc priests
  3 hounds
  4 jellies
  A gnoll bouda (D:6)
  2 iguanas (D:6)
  23 orc wizards
  15 gnolls
  10 adders
  3 worms
  3 dart slugs
  54 orcs
  17 ball pythons
  12 endoplasms
  14 giant cockroaches
  6 goblins
  5 hobgoblins
  4 kobolds
  12 quokkas
  3 bats
  10 frilled lizards
  9 rats
634 creatures vanquished.

Vanquished Creatures (collateral kills)
  An ogre mage (D:12)
  An orb spider (shapeshifter) (D:12)
  An obsidian statue (Lair:5)
  A deep elf pyromancer (D:12)
  7 elephants
  An efreet (D:12)
  2 trolls (D:12)
  5 yaks (Lair:2)
  2 orc warriors (Orc:2)
  2 orc wizards (Orc:2)
  A gnoll (Orc:2)
  6 orcs
  A ball lightning (D:14)
  10 foxfires
41 creatures vanquished.

Vanquished Creatures (others)
  78 ball lightnings
  8 demonic plants (D:13)
  768 foxfires
  38 fungi
  47 plants
  4 snaplasher vines
  39 withered plants
982 creatures vanquished.

Grand Total: 1657 creatures vanquished

Table legend: (Time is in decaauts)
 A = Elapsed time spent in this place.
 B = Non-inter-level travel time spent in this place.
 C = Inter-level travel time spent in this place.
 D = Time resting spent in this place.
 E = Time spent auto-exploring this place.
 F = Levels seen in this place.
 G = Mean time per level.
                   A        B        C        D        E       F      G
               +--------+--------+--------+--------+--------+-----+--------+
         Total |  29560 |  28756 |    804 |  11118 |  12330 |  26 | 1136.9 |
       Dungeon |  15660 |  15182 |    478 |   5471 |   7448 |  15 | 1044.0 |
        Temple |     67 |     48 |     19 |      0 |     22 |   1 |   67.0 |
          Lair |   9898 |   9702 |    196 |   4174 |   3546 |   5 | 1979.6 |
  Orcish Mines |   2354 |   2243 |    111 |    911 |    892 |   2 | 1177.0 |
         Sewer |    364 |    364 |      0 |     57 |    115 |   1 |  364.0 |
        Bailey |    495 |    495 |      0 |    205 |    123 |   1 |  495.0 |
       Volcano |    718 |    718 |      0 |    300 |    184 |   1 |  718.0 |
               +--------+--------+--------+--------+--------+-----+--------+

Top non-repeatable levels by time:
  Lair:5: 5137 daAuts
    D:12: 1895 daAuts
    D:13: 1798 daAuts
  Lair:1: 1435 daAuts
    D:10: 1412 daAuts
     D:9: 1395 daAuts
  Lair:4: 1345 daAuts
   Orc:2: 1194 daAuts
    D:11: 1193 daAuts
   Orc:1: 1160 daAuts
     D:5: 1146 daAuts
  Lair:3: 1107 daAuts
     D:6: 1034 daAuts
     D:8: 1011 daAuts
    D:14: 956 daAuts

Table legend:
 A = Kills in this place as a percentage of kills in entire the game.
 B = Kills by you in this place as a percentage of kills by you in the entire game.
 C = Kills by friends in this place as a percentage of kills by friends in the entire game.
 D = Other kills in this place as a percentage of other kills in the entire game.
 E = Experience gained in this place as a percentage of experience gained in the entire game.
 F = Experience gained in this place divided by the number of levels of this place that you have seen.
                   A       B       C       D       E      F
               +-------+-------+-------+-------+-------+----------------------
         Total | 100.0 | 100.0 | 100.0 |   N/A | 100.0 | 5239.1
       Dungeon |  49.7 |  51.1 |  20.0 |   N/A |  46.9 | 4259.6
          Lair |  24.8 |  24.0 |  43.3 |   N/A |  38.2 | 10394.2
  Orcish Mines |  14.5 |  13.4 |  36.7 |   N/A |  10.0 | 6822.5
         Sewer |   5.9 |   6.2 |   0.0 |   N/A |   0.2 | 249.0
        Bailey |   2.4 |   2.5 |   0.0 |   N/A |   1.6 | 2192.0
       Volcano |   2.7 |   2.8 |   0.0 |   N/A |   3.1 | 4265.0
               +-------+-------+-------+-------+-------+----------------------

Table legend:
 A = Non-vault XP
 B = Vault XP
 C = Vault XP percentage of total XP
 D = Non-vault monster count
 E = Vault monster count
 F = Vault count percentage of total count
                 A         B        C        D         E       F
            +---------+---------+-------+---------+---------+-------
      Total |   85416 |   50800 |  37.3 |     442 |     222 |  33.4
            +---------+---------+-------+---------+---------+-------
        D:1 |      41 |       0 |   0.0 |      24 |       0 |   0.0
        D:2 |     186 |       0 |   0.0 |      15 |       0 |   0.0
        D:3 |      45 |      75 |  62.5 |      16 |       4 |  20.0
        D:4 |     456 |       0 |   0.0 |      19 |       0 |   0.0
        D:5 |     972 |       9 |   0.9 |      17 |       6 |  26.1
        D:6 |     752 |    1562 |  67.5 |      20 |      16 |  44.4
        D:7 |     529 |       0 |   0.0 |       5 |       0 |   0.0
        D:8 |    1530 |       0 |   0.0 |      24 |       0 |   0.0
        D:9 |    5795 |    2027 |  25.9 |      26 |       3 |  10.3
       D:10 |    3246 |       0 |   0.0 |      20 |       0 |   0.0
       D:11 |    3422 |    1670 |  32.8 |       8 |       9 |  52.9
       D:12 |    7017 |    6115 |  46.6 |      22 |      10 |  31.2
       D:13 |   11702 |    5954 |  33.7 |      28 |      18 |  39.1
       D:14 |    3629 |       0 |   0.0 |       8 |       0 |   0.0
       D:15 |    5800 |    1360 |  19.0 |       9 |       3 |  25.0
     Lair:1 |    4029 |     417 |   9.4 |      18 |       2 |  10.0
     Lair:2 |    6180 |     213 |   3.3 |      25 |       1 |   3.8
     Lair:3 |    7848 |     320 |   3.9 |      25 |       2 |   7.4
     Lair:4 |    5481 |       0 |   0.0 |      18 |       0 |   0.0
     Lair:5 |   13016 |   14467 |  52.6 |      41 |      33 |  44.6
      Orc:1 |    1234 |     962 |  43.8 |      20 |      12 |  37.5
      Orc:2 |    2506 |    8943 |  78.1 |      34 |      30 |  46.9
      Sewer |       0 |     249 | 100.0 |       0 |      39 | 100.0
     Bailey |       0 |    2192 | 100.0 |       0 |      16 | 100.0
    Volcano |       0 |    4265 | 100.0 |       0 |      18 | 100.0
            +---------+---------+-------+---------+---------+-------
